 Dungeon Crawl Stone Soup version 0.25.0-9-g26727b657a (webtiles) character file.

Game seed: 8651421155492869906

312979 HungrySpirit the Severer (level 21, -5/215 HPs)
             Began as a Gnoll Assassin on June 16, 2020.
             Killed from afar by a frost giant (11 damage)
             ... with a bolt of cold
             ... on level 5 of the Vaults.
             The game lasted 02:39:00 (68873 turns).

HungrySpirit the Severer (Gnoll Assassin)          Turns: 68873, Time: 02:39:00

Health: -5/215     AC: 31    Str: 13    XL:     21   Next: 68%
Magic:  13/35      EV: 23    Int: 22    God:
Gold:   583        SH: 19    Dex: 17    Spells: 2/47 levels left

rFire    + . .     SeeInvis .   E - +8 broad axe (drain)
rCold    + + .     Gourm    .   z - +1 kite shield {rC+}
rNeg     + . .     Faith    .   (armour currently unavailable)
rPois    ∞         Spirit   .   R - +0 hat {MR+}
rElec    +         Reflect  +   r - scarf {rC+ rF+}
rCorr    .         Harm     .   (gloves currently unavailable)
MR       ++...                  (boots currently unavailable)
Stlth    ++++++....             y - amulet of reflection
HPRegen  0.45/turn              l - ring of wizardry
MPRegen  0.24/turn              L - +4 ring of protection

@: statue-form (expiring), very slightly contaminated, hasted, studying Axes
A: distributed training, fangs 1, low mp 1, screaming 1, weak 1, strong nose
}: 1/15 runes: serpentine
a: End Transformation


You were on level 5 of the Vaults.
You were hungry.
You were a stone statue.
You visited 7 branches of the dungeon, and saw 35 of its levels.
You visited the Abyss 1 time.
You also visited: Ossuary, Bailey, Gauntlet and Desolation.

You collected 4541 gold pieces.
You spent 3958 gold pieces at shops.

Inventory:

Hand Weapons
 E - a +8 broad axe of draining (weapon)
Armour
 r - a scarf of resistance (worn)
 w - the +0 pair of fencer's gloves (melded) {Riposte Dex+3}
   (You found it in a Gauntlet)

   It affects your dexterity (+3).
 z - a +1 kite shield of cold resistance (worn)
 O - the cursed +1 robe of Qutyraq (melded) {rF+ rN++ Str+3 Dex-3}
   (You found it on level 2 of the Shoals)

   It affects your strength (+3).
   It affects your dexterity (-3).
   It protects you from fire.
   It greatly protects you from negative energy.
   It has a curse placed upon it.
 R - a +0 hat of magic resistance (worn)
 Y - a +1 pair of boots of stealth (melded)
Magical Staves
 x - an uncursed staff of earth
Jewellery
 l - a ring of wizardry (left hand)
 u - an uncursed ring of positive energy
 y - an amulet of reflection (around neck)
 L - a +4 ring of protection (right hand)
 M - an uncursed ring of fire
 S - an uncursed ring of flight
 T - the amulet "Fopsuraf" {Inacc rPois MP+9 Str+4}
   (You found it on level 6 of the Lair of Beasts)

   [amulet of inaccuracy]

   It reduces the accuracy of all your attacks.
   It affects your strength (+4).
   It protects you from poison.
   It affects your magic capacity (+9).
Wands
 a - a wand of digging (7)
 k - a wand of iceblast (16)
 F - a wand of disintegration (10)
Scrolls
 b - 5 scrolls of fog
 d - 5 scrolls of identify
 g - 4 scrolls of enchant armour
 i - a scroll of enchant weapon
 p - 21 scrolls of remove curse
 q - 4 scrolls of vulnerability
 s - 2 scrolls of torment {unknown}
 t - a scroll of magic mapping
 G - 3 scrolls of amnesia
 I - 4 scrolls of immolation
 K - 3 scrolls of silence
 Z - a scroll of fear
Potions
 e - 2 potions of ambrosia
 j - 3 potions of brilliance
 m - 6 potions of flight
 n - 4 potions of haste
 o - 8 potions of stabbing
 v - a potion of magic
 C - 10 potions of mutation
 D - 4 potions of lignification
 H - 4 potions of cancellation
 J - 3 potions of resistance
 N - 7 potions of might
 V - a potion of berserk rage
 W - a potion of invisibility
Books
 P - a manual of Axes
Miscellaneous
 c - a box of beasts
 X - a phial of floods
Comestibles
 f - 33 rations


   Skills:
 + Level 14.5 Fighting
 + Level 14.5 Short Blades
 + Level 13.9 Long Blades
 + Level 17.4 Axes
 + Level 13.9 Maces & Flails
 + Level 13.9 Polearms
 + Level 13.9 Staves
 + Level 13.9 Slings
 + Level 13.9 Bows
 + Level 13.9 Crossbows
 + Level 14.5 Throwing
 + Level 13.9 Armour
 + Level 14.1 Dodging
 + Level 15.5 Stealth
 + Level 13.9 Shields
 + Level 13.9 Unarmed Combat
 + Level 13.9 Spellcasting
 + Level 12.0 Conjurations
 + Level 12.0 Hexes
 + Level 12.0 Charms
 + Level 12.0 Summonings
 + Level 12.0 Necromancy
 + Level 12.0 Translocations
 + Level 12.0 Transmutations
 + Level 12.0 Fire Magic
 + Level 12.0 Ice Magic
 + Level 12.0 Air Magic
 + Level 12.0 Earth Magic
 + Level 12.0 Poison Magic
 + Level 15.0 Invocations
 + Level 13.9 Evocations


You had 2 spell levels left.
You knew the following spells:

 Your Spells              Type           Power        Failure   Level  Hunger
a - Summon Ice Beast      Ice/Summ       ######..     1%          4    None
b - Statue Form           Tmut/Erth      ######...    1%          6    #####..
c - Apportation           Tloc           ######       1%          1    None
d - Ignition              Fire           ######....   61%         8    #######
e - Summon Mana Viper     Hex/Summ       ######..     1%          5    ###....
f - Swiftness             Chrm/Air       ######..     1%          2    None
g - Passage of Golubria   Tloc           N/A          1%          4    None
h - Shadow Creatures      Summ           N/A          1%          6    #####..
i - Airstrike             Air            ######....   1%          4    None
j - Alistair's Intoxicat  Tmut/Pois      ######..     1%          5    ###....

Your spell library contained the following spells:

 Spells                   Type           Power        Failure   Level  Hunger
 Animate Skeleton         Necr           N/A          1%          1    None
 Corona                   Hex            ######.      1%          1    None
 Foxfire                  Conj/Fire      ####         1%          1    None
 Freeze                   Ice            ####         1%          1    None
 Infusion                 Chrm           ####         1%          1    None
 Pain                     Necr           ####         1%          1    None
 Shock                    Conj/Air       ####         1%          1    None
 Summon Butterflies       Summ           ######..     1%          1    None
 Summon Small Mammal      Summ           ####         1%          1    None
 Call Imp                 Summ           ######..     1%          2    None
 Corpse Rot               Necr/Air       N/A          1%          2    None
 Ensorcelled Hibernation  Hex/Ice        ######       1%          2    None
 Poisonous Vapours        Pois/Air       ######       1%          2    None
 Shroud of Golubria       Chrm/Tloc      ######       1%          2    None
 Song of Slaying          Chrm           ######..     1%          2    None
 Sublimation of Blood     Necr           ######....   1%          2    None
 Call Canine Familiar     Summ           ######..     1%          3    None
 Confusing Touch          Hex            ######..     1%          3    None
 Dazzling Flash           Conj/Hex       ######       1%          3    None
 Frozen Ramparts          Ice            ######       1%          3    None
 Ignite Poison            Fire/Tmut/Pois ######..     1%          3    None
 Ozocubu's Armour         Chrm/Ice       ######..     1%          3    None
 Spectral Weapon          Hex/Chrm       ######..     1%          3    None
 Static Discharge         Conj/Air       ######..     1%          3    None
 Tukima's Dance           Hex            ######..     1%          3    None
 Vampiric Draining        Necr           ######....   1%          3    None
 Animate Dead             Necr           N/A          1%          4    None
 Cause Fear               Hex            ######....   1%          4    None
 Dispel Undead            Necr           ######..     1%          4    None
 Hailstorm                Conj/Ice       ######..     1%          4    None
 Sticky Flame             Conj/Fire      ######..     1%          4    None
 Agony                    Necr           ######..     1%          5    ###....
 Borgnjor's Vile Clutch   Necr/Erth      ######....   1%          5    ###....
 Excruciating Wounds      Chrm/Necr      ######....   1%          5    ###....
 Irradiate                Conj/Tmut      ######....   1%          5    ###....
 Lightning Bolt           Conj/Air       ######....   1%          5    ###....
 Silence                  Hex/Air        ######....   1%          5    ###....
 Darkness                 Hex            ######....   1%          6    #####..
 Hydra Form               Tmut           ######....   1%          6    #####..
 Dragon Form              Tmut           ######....   11%         7    ######.
 Summon Hydra             Summ           ######....   11%         7    ######.
 Disjunction              Tloc           ######....   61%         8    #######
 Dragon's Call            Summ           ######....   100%        9    #######


Dungeon Overview and Level Annotations

Branches:
Dungeon (14/15)            Temple (0/1) D:6            Lair (6/6) D:8
 Shoals (3/4) Lair:3        Snake (4/4) Lair:4        Slime (0/5) Lair:6
    Orc (2/2) D:12            Elf (0/3) Orc:2        Vaults (5/5) D:13
  Crypt (1/3) Vaults:3    Ossuary (visited)          Bailey (visited)
Desolation (visited)      Gauntlet (visited)

Altars:
Ashenzari
Kikubaaqudgha
Nemelex Xobeh
Qazlal
Trog
Xom
Yredelemnul
Beogh
Jiyva

Shops:
D:7 [?   D:11 *   D:13 !   Orc:2 !%[[(   Shoals:1 [%=:*   Shoals:2 ?
Vaults:1 !   Vaults:2 [

Portals:
Trove: Vaults:1 (give +7 demon whip)

Annotations:
Lair:3 3 runed translucent doors, Kubamp's ghost, journeyman DEAE
Lair:5 2 transporters, Ypehuijo's ghost, journeyman OpFi


Innate Abilities, Weirdness & Mutations

Your experience applies equally to all skills.
You have very sharp teeth.
Your uncanny sense of smell can sniff out nearby items.
Your magical capacity is low. (-10% MP)
You occasionally shout uncontrollably at your foes.
You are weak. (Str -2)


Message History

The stone giant blinks!
You blink.
The frost giant blinks!
The lich closely misses you.
You hear a shout! x2; You hear a horrible gurgling sound!
You hear a shout! x6
You hear two shouts!
You hear a shout!
You hear a deafening roar!
You hear two shouts!
You hear a shout! x9; You hear two shouts!
You hear a shout!
Okay, then.
Okay, then.
The vault warden activates a sealing rune.
The yaktaur wields a +0 arbalest.
The yaktaur shoots a bolt.
The bolt completely misses you.
You block the shadow dragon's attack. x2
The shadow dragon claws you but does no damage.
You see here 2 bolts.
Unknown command.
The lich gestures at you while chanting.
You easily resist.
You block the shadow dragon's attack. x2
The shadow dragon claws you but does no damage.
The frost giant casts a spell at you. The bolt of cold hits you! You resist.
You die...

.........CQDpcQ.[<.pT...
.........spD...<<)......
##########pOe...(..C####
#sTp.......c.#
#cY..C...#D...p
...###(...##..## ....
#oe§^# (## ... #Tpc.# #
#8h..# #(D.§# #LC..#∆
#oc.(#∆∆ #p...#∆∆∆
#...^#∆∆∆ #§p§.#∆∆∆
#..)O#∆∆ #....#∆


You could see a shadow dragon, 2 frost giants, a stone giant, 2 vault wardens, a
lich, an orc knight, a vault sentinel (empowered, catching breath), 2 yaktaurs,
a deep elf mage, a troll, a warg, an orc warrior and an ogre.

Vanquished Creatures
  Saint Roka (Vaults:1)
  A tentacled monstrosity (Vaults:4)
  A lich (Abyss:3)
  A titan (Vaults:3)
  Gastronok (D:11)
  A tengu reaver (Vaults:4)
  A sphinx (Vaults:3)
  2 shadow dragons (Vaults:3)
  Donald (Snake:2)
  5 nagarajas (Snake:4)
  A storm dragon (Vaults:3)
  2 deep elf sorcerers (Vaults:4)
  2 fire giants (Vaults:4)
  An orc warlord (Orc:2)
  2 imperial myrmidons (Desolation)
  4 vault wardens
  2 frost giants
  A curse skull (Vaults:3)
  11 stone giants
  4 war gargoyles
  18 ironheart preservers
  2 entropy weavers
  A deep elf demonologist (Vaults:1)
  A black draconian (Abyss:2)
  A minotaur (Gauntlet)
  2 halazid warlocks (Desolation)
  3 dire elephants (Lair:6)
  3 crystal guardians
  3 ettins (Vaults:4)
  2 deep elf death magi
  2 merfolk impalers (Shoals:3)
  Josephine (D:10)
  2 great orbs of eyes
  7 yaktaur captains
  Erolcha (D:11)
  A rakshasa (Vaults:2)
  6 ragged hierophants (Desolation)
  4 servants of whispers (Desolation)
  An ice dragon (Vaults:2)
  6 peacekeepers (Desolation)
  26 vault guards
  5 hydras
  An alligator snapping turtle (Shoals:3)
  7 naga warriors
  6 centaur warriors
  9 anacondas
  Erica (D:11)
  A death knight (D:11)
  2 deep troll shamans
  12 ogre magi
  2 merfolk aquamancers
  4 satyrs
  29 two-headed ogres
  A tengu warrior (Gauntlet)
  An alligator (shapeshifter) (Vaults:4)
  4 deep troll earth magi
  8 death yaks
  6 shock serpents
  8 naga sharpshooters
  A thrashing horror (Abyss:3)
  An orc high priest (Orc:2)
  A dancing weapon (Shoals:1)
  7 deep elf knights
  A hell knight (Abyss:2)
  A wretched star (Gauntlet)
  8 skeletal warriors
  A shadow wraith (Vaults:2)
  8 sea snakes
  A sixfirhy (Gauntlet)
  An unseen horror (D:11)
  8 deep trolls
  2 glowing orange brains (Vaults:2)
  3 phantasmal warriors (Vaults:4)
  6 deep elf archers
  A death drake (shapeshifter) (Vaults:4)
  9 orc knights
  2 naga ritualists
  4 wolf spiders
  8 ironbrand convokers
  A necromancer (Lair:2)
  8 mana vipers
  13 harpies
  18 ugly things
  7 cyclopes
  6 manticores
  6 salamanders
  7 fauns (Shoals:3)
  13 deep elf magi
  A cyclops (shapeshifter) (Vaults:3)
  14 elephants
  3 orc sorcerers
  6 vault sentinels
  A rust devil (Abyss:3)
  A moth of wrath (shapeshifter) (Vaults:4)
  A centaur zombie (D:12)
  A water nymph (Shoals:3)
  4 merfolk sirens (Shoals:3)
  7 naga magi
  5 guardian serpents
  19 black mambas
  A gargoyle (D:11)
  10 spiny frogs
  2 freezing wraiths (Vaults:4)
  A rime drake (Lair:5)
  A rime drake (shapeshifter) (Vaults:1)
  2 kobold demonologists (D:13)
  A tengu conjurer (Gauntlet)
  4 komodo dragons
  22 yaktaurs
  A polar bear (shapeshifter) (Vaults:1)
  A merfolk (shapeshifter) (Vaults:4)
  9 trolls
  5 merfolk
  2 wind drakes (Shoals:2)
  A polar bear (Lair:4)
  35 saltlings (Desolation)
  3 hornets
  7 blink frogs
  3 slime creatures
  7 hippogriffs
  10 dream sheep
  A hippogriff (shapeshifter) (Vaults:1)
  2 snapping turtles
  4 redbacks
  2 tarantellas (Vaults:4)
  A spriggan (shapeshifter) (Vaults:3)
  A shadow (D:10)
  A wyvern (D:11)
  10 water elementals
  5 wraiths
  5 hungry ghosts
  2 basilisks
  26 yaks
  9 chaos spawn
  7 humans (D:13)
  3 neqoxecs (Gauntlet)
  2 vampire mosquitoes (D:13)
  36 nagas
  3 wargs
  Edmund (D:6)
  14 water moccasins
  12 porcupines
  A hornet zombie (D:12)
  56 orc warriors
  5 sky beasts
  7 black bears
  A fire dragon simulacrum (Vaults:1)
  5 ice beasts
  14 boggarts
  31 ogres
  An eye of draining (shapeshifter) (Vaults:4)
  15 centaurs
  11 wolves
  A phantom (D:13)
  10 crocodiles
  6 big kobolds
  An elf zombie (D:8)
  8 bullfrogs
  2 elf skeletons (D:8)
  3 scorpions
  26 killer bees
  A water moccasin skeleton (D:6)
  9 electric eels
  17 wights
  A howler monkey (D:4)
  4 bullfrog zombies
  9 crimson imps
  A quasit (D:13)
  3 jellies
  30 orc priests
  5 centaur skeletons
  14 hounds
  5 bullfrog skeletons
  An iguana (D:4)
  A human skeleton (D:8)
  33 orc wizards
  7 worker ants
  2 polar bear simulacra (Lair:2)
  A yak simulacrum (Lair:2)
  3 wolf simulacra (Lair:2)
  6 big kobold zombies (Ossuary)
  A hound zombie (D:6)
  A hound skeleton (D:7)
  A mummy (Ossuary)
  5 gnolls
  21 adders
  A river rat (D:5)
  4 shadow imps
  An ooze (D:2)
  An adder zombie (D:10)
  3 adder skeletons
  A worm (D:2)
  2 dart slugs
  4 leopard geckos
  106 orcs
  2 spectral bats (Ossuary)
  3 bats
  6 giant cockroaches
  6 gnoll zombies (Ossuary)
  16 goblins
  8 hobgoblins
  13 jackals
  31 kobolds
  A quokka (D:5)
  A ball python (D:5)
  3 bat simulacra (Ossuary)
  4 frilled lizards
  4 goblin simulacra (Ossuary)
  4 goblin zombies (Ossuary)
  2 hobgoblin zombies (Ossuary)
  A jackal skeleton (D:4)
  5 kobold simulacra (Ossuary)
  4 kobold zombies (Ossuary)
  A leopard gecko skeleton (D:6)
  A leopard gecko zombie (D:5)
  2 orc skeletons (D:8)
  8 orc zombies (Ossuary)
  2 quokka skeletons
  13 rats
  5 rat simulacra (Ossuary)
  5 river rat simulacra (Lair:2)
  4 spectral goblins (Ossuary)
  3 spectral kobolds (Ossuary)
  A spectral rat (Ossuary)
  2 crawling corpses (Vaults:5)
  8 plants
1414 creatures vanquished.

Vanquished Creatures (collateral kills)
  Sojobo (Vaults:2)
  4 nagarajas
  2 tengu reavers (Vaults:2)
  The ghost of Jafont the Arsonist, a journeyman HOFE of Okawaru (Shoals:1)
  A deep elf sorcerer (Vaults:5)
  A vault warden (Vaults:1)
  An ironheart preserver (Vaults:3)
  An entropy weaver (Vaults:4)
  2 dire elephants (Lair:6)
  A yaktaur captain (Vaults:1)
  A merfolk impaler (Shoals:3)
  4 hydras
  3 naga warriors
  2 merfolk avatars
  A centaur warrior (D:13)
  8 anacondas
  2 merfolk aquamancers
  3 naga sharpshooters (Snake:4)
  An orc high priest (Orc:2)
  A shock serpent (Snake:4)
  A salamander mystic (Snake:4)
  A shadow wraith (Vaults:4)
  A skeletal warrior (Vaults:1)
  13 sea snakes
  A glowing orange brain (Vaults:3)
  A deep troll (Vaults:2)
  A naga ritualist (Snake:1)
  An orc knight (Vaults:1)
  4 deep elf magi
  2 mana vipers
  3 harpies
  4 fauns
  A manticore (Shoals:3)
  2 salamanders
  2 ugly things (Vaults:3)
  12 black mambas
  6 guardian serpents
  4 water nymphs
  2 elephants
  3 merfolk sirens
  9 naga magi
  A kobold demonologist (D:13)
  6 yaktaurs
  A jumping spider (Vaults:2)
  A komodo dragon (Lair:5)
  3 merfolk
  5 saltlings (Desolation)
  5 dream sheep
  2 wind drakes
  3 slime creatures
  A blink frog (Lair:4)
  3 water elementals
  6 yaks
  5 wargs
  6 nagas
  A water moccasin (Lair:6)
  7 orc warriors
  4 wolves
  3 ogres
  A boggart (Vaults:1)
  A crocodile (Lair:5)
  2 killer bees (D:13)
  A nameless horror (Lair:2)
  5 orc priests
  3 orc wizards
  37 orcs
  A goblin (D:13)
  A kobold (D:12)
  A fungus (Lair:2)
231 creatures vanquished.

Vanquished Creatures (others)
  A nagaraja (Snake:4)
  A merfolk aquamancer (Shoals:2)
  A deep elf mage (Vaults:5)
  A salamander (Snake:4)
  2 fauns (Shoals:3)
  A yaktaur (Vaults:4)
  2 water elementals (Shoals:2)
  A human (D:13)
  2 nagas
  45 fungi
  51 plants
  6 spectral weapons
114 creatures vanquished.

Grand Total: 1759 creatures vanquished

Notes
Turn   | Place    | Note
-------+----------+-------------------------------------------
     0 | D:1      | HungrySpirit the Gnoll Assassin began the quest for the
                  | Orb.
     0 | D:1      | Reached XP level 1. HP: 20/20 MP: 1/1
   225 | D:1      | Reached XP level 2. HP: 17/26 MP: 2/2
  1038 | D:2      | Reached XP level 3. HP: 22/31 MP: 3/3
  1260 | D:2      | Reached skill level 1 in Invocations
  1287 | D:2      | Reached skill level 1 in Long Blades
  1287 | D:2      | Reached skill level 1 in Axes
  1287 | D:2      | Reached skill level 1 in Maces & Flails
  1287 | D:2      | Reached skill level 1 in Polearms
  1287 | D:2      | Reached skill level 1 in Staves
  1287 | D:2      | Reached skill level 1 in Slings
  1287 | D:2      | Reached skill level 1 in Bows
  1287 | D:2      | Reached skill level 1 in Crossbows
  1287 | D:2      | Reached skill level 1 in Armour
  1287 | D:2      | Reached skill level 1 in Shields
  1287 | D:2      | Reached skill level 1 in Unarmed Combat
  1287 | D:2      | Reached skill level 1 in Spellcasting
  1287 | D:2      | Reached skill level 1 in Evocations
  1315 | D:2      | Reached XP level 4. HP: 38/38 MP: 5/5
  1753 | D:2      | Found a stormy altar of Qazlal.
  1753 | D:2      | Noticed a fire elemental
  1758 | D:2      | Noticed an air elemental
  1758 | D:2      | Noticed a water elemental
  1758 | D:2      | Noticed an earth elemental
  1931 | D:2      | Reached skill level 1 in Conjurations
  1931 | D:2      | Reached skill level 1 in Hexes
  1931 | D:2      | Reached skill level 1 in Charms
  1931 | D:2      | Reached skill level 1 in Summonings
  1931 | D:2      | Reached skill level 1 in Necromancy
  1931 | D:2      | Reached skill level 1 in Translocations
  1931 | D:2      | Reached skill level 1 in Transmutations
  1931 | D:2      | Reached skill level 1 in Fire Magic
  1931 | D:2      | Reached skill level 1 in Ice Magic
  1931 | D:2      | Reached skill level 1 in Air Magic
  1931 | D:2      | Reached skill level 1 in Earth Magic
  1931 | D:2      | Reached skill level 1 in Poison Magic
  2067 | D:3      | Reached XP level 5. HP: 37/43 MP: 5/7
  3067 | D:3      | Reached XP level 6. HP: 49/50 MP: 8/8
  3321 | D:4      | Reached skill level 5 in Fighting
  3321 | D:4      | Reached skill level 5 in Short Blades
  3321 | D:4      | Reached skill level 5 in Throwing
  3381 | D:4      | Reached skill level 2 in Axes
  3905 | D:4      | Reached XP level 7. HP: 35/56 MP: 10/10
  4041 | D:4      | Found the +7 Kryia's mail coat {PotionHeal*2 rC+}
  4365 | D:5      | Entered Level 5 of the Dungeon
  4830 | D:5      | Found a bloodstained altar of Trog.
  6020 | D:6      | Reached XP level 8. HP: 62/63 MP: 12/12
  6162 | D:6      | Noticed Edmund
  6184 | D:6      | Killed Edmund
  6184 | D:6      | Reached skill level 3 in Axes
  6597 | D:6      | Found a staircase to the Ecumenical Temple.
  7166 | D:6      | Reached XP level 9. HP: 68/69 MP: 14/14
  7534 | D:7      | Reached skill level 4 in Axes
  7612 | D:7      | Found Caral's Armour Shoppe.
  7945 | D:7      | Reached skill level 5 in Dodging
  8076 | D:7      | Found Oquy's Magic Scroll Shop.
  8084 | D:7      | Bought a scroll of fog for 26 gold pieces
  8084 | D:7      | Bought a scroll of fear for 45 gold pieces
  8084 | D:7      | Bought a scroll of teleportation for 39 gold pieces
  8084 | D:7      | Bought a scroll of magic mapping for 45 gold pieces
  8084 | D:7      | Bought a scroll of random uselessness for 13 gold pieces
  8084 | D:7      | Bought a scroll of identify for 26 gold pieces
  8084 | D:7      | Bought a scroll of remove curse for 39 gold pieces
  9100 | D:8      | Reached skill level 5 in Invocations
  9465 | D:8      | Found a sand-covered staircase.
  9551 | Ossuary  | Entered an ossuary
  9720 | Ossuary  | Reached XP level 10. HP: 77/77 MP: 17/17
 11091 | D:8      | Noticed a two-headed ogre
 11116 | D:8      | Killed a two-headed ogre
 11116 | D:8      | Reached skill level 5 in Long Blades
 11116 | D:8      | Reached skill level 5 in Axes
 11116 | D:8      | Reached skill level 5 in Maces & Flails
 11116 | D:8      | Reached skill level 5 in Polearms
 11116 | D:8      | Reached skill level 5 in Staves
 11116 | D:8      | Reached skill level 5 in Slings
 11116 | D:8      | Reached skill level 5 in Bows
 11116 | D:8      | Reached skill level 5 in Crossbows
 11116 | D:8      | Reached skill level 5 in Armour
 11116 | D:8      | Reached skill level 5 in Shields
 11116 | D:8      | Reached skill level 5 in Unarmed Combat
 11116 | D:8      | Reached skill level 5 in Spellcasting
 11116 | D:8      | Reached skill level 5 in Evocations
 12716 | D:8      | Found a staircase to the Lair.
 13591 | D:9      | Noticed a two-headed ogre
 13603 | D:9      | Killed a two-headed ogre
 13603 | D:9      | Reached XP level 11. HP: 58/84 MP: 19/19
 14441 | D:10     | Entered Level 10 of the Dungeon
 14797 | D:10     | Reached skill level 6 in Axes
 15289 | D:9      | Reached skill level 5 in Conjurations
 15289 | D:9      | Reached skill level 5 in Hexes
 15289 | D:9      | Reached skill level 5 in Charms
 15289 | D:9      | Reached skill level 5 in Summonings
 15289 | D:9      | Reached skill level 5 in Necromancy
 15289 | D:9      | Reached skill level 5 in Translocations
 15289 | D:9      | Reached skill level 5 in Transmutations
 15289 | D:9      | Reached skill level 5 in Fire Magic
 15289 | D:9      | Reached skill level 5 in Ice Magic
 15289 | D:9      | Reached skill level 5 in Air Magic
 15289 | D:9      | Reached skill level 5 in Earth Magic
 15289 | D:9      | Reached skill level 5 in Poison Magic
 15339 | D:10     | Found a shimmering altar of Xom.
 15343 | D:10     | Found the +7 mace of Variability {chain chaos}
 15679 | D:10     | Noticed Josephine
 16027 | D:10     | Reached skill level 10 in Stealth
 16198 | D:10     | Killed Josephine
 16532 | D:10     | Noticed a two-headed ogre
 16565 | D:10     | Killed a two-headed ogre
 17120 | D:11     | Found Ysteka's General Store.
 18210 | D:11     | Found a runed translucent door.
 18233 | D:11     | Noticed a two-headed ogre
 18831 | D:11     | Noticed a manticore
 18870 | D:11     | Killed a manticore
 18870 | D:11     | Reached XP level 12. HP: 24/93 MP: 22/22
 19199 | D:11     | Noticed Gastronok
 19273 | D:11     | Killed Gastronok
 19813 | D:11     | Reached skill level 7 in Axes
 20294 | D:11     | Noticed Erolcha
 20321 | D:11     | Killed Erolcha
 20849 | D:11     | Noticed Erica
 20885 | D:11     | Killed Erica
 21062 | D:11     | Found a runed translucent door.
 22515 | D:11     | Killed a two-headed ogre
 23077 | D:11     | Noticed a death knight
 23462 | D:11     | Killed a death knight
 23462 | D:11     | Reached XP level 13. HP: 99/101 MP: 24/24
 23744 | D:12     | Found a gate leading to a gauntlet.
 23779 | Gauntlet | Entered a Gauntlet
 23779 | Gauntlet | Found a transporter.
 23779 | Gauntlet | Found a transporter.
 23779 | Gauntlet | Found the +0 pair of fencer's gloves {Riposte Dex+3}
 23795 | Gauntlet | Found a transporter.
 23799 | Gauntlet | Found a transporter.
 23811 | Gauntlet | Found a transporter.
 23813 | Gauntlet | Found a transporter.
 23823 | Gauntlet | Found a transporter.
 23844 | Gauntlet | Found a transporter.
 23863 | Gauntlet | Found a transporter.
 23877 | Gauntlet | Found a transporter.
 23879 | Gauntlet | Found a transporter.
 23923 | Gauntlet | Found a transporter.
 24288 | Gauntlet | Gained mutation: You are weak. (Str -2) [a neqoxec]
 24290 | Gauntlet | Gained mutation: Your magical capacity is low. (-10% MP) [a
                  | neqoxec]
 24295 | Gauntlet | HP: 4/80 [iron imp[a neqoxec] (7)]
 24377 | Gauntlet | Gained mutation: You frequently scream uncontrollably at
                  | your foes. [a neqoxec]
 24554 | Gauntlet | Noticed a minotaur
 24577 | Gauntlet | Killed a minotaur
 24577 | Gauntlet | Reached skill level 8 in Axes
 24831 | Gauntlet | Got a jewelled morningstar
 24831 | Gauntlet | Got a buzzing scale mail
 24832 | Gauntlet | Identified the +8 morningstar of the Madman {drain, Int+4
                  | Dex+4} (You found it in a Gauntlet)
 24836 | Gauntlet | Identified the +1 scale mail "Gepp" {rF+ Int+4} (You found
                  | it in a Gauntlet)
 25212 | D:12     | Found a staircase to the Orcish Mines.
 25467 | D:8      | Learned a level 4 spell: Summon Ice Beast
 25496 | Lair:1   | Entered Level 1 of the Lair of Beasts
 25553 | Lair:1   | Found a shattered altar of Ashenzari.
 27683 | Lair:3   | Reached skill level 9 in Axes
 28117 | Lair:3   | Found a staircase to the Shoals.
 28131 | Lair:3   | Found a runed translucent gate.
 28131 | Lair:3   | Found a runed translucent gate.
 28131 | Lair:3   | Found a runed translucent gate.
 28132 | Lair:3   | Noticed Kubamp's ghost (journeyman DEAE)
 28629 | Lair:4   | Found a staircase to the Snake Pit.
 28639 | Lair:4   | Reached XP level 14. HP: 63/109 MP: 17/23
 29726 | Lair:5   | Reached skill level 10 in Fighting
 29726 | Lair:5   | Reached skill level 10 in Short Blades
 29726 | Lair:5   | Reached skill level 10 in Throwing
 30085 | Lair:5   | Found a bloodstained altar of Trog.
 30208 | Lair:5   | Found a transporter.
 30574 | Lair:5   | Identified the +6 trident "Gnoll's Bane" {vorpal, *Rage
                  | rElec rF+ Stlth+}
 30575 | Lair:5   | Noticed Ypehuijo's ghost (journeyman OpFi)
 30585 | Lair:5   | Found a transporter.
 30646 | Lair:6   | Entered Level 6 of the Lair of Beasts
 30662 | Lair:6   | Noticed Nessos
 30683 | Lair:6   | Noticed Nessos
 30683 | Lair:6   | Nessos changed into Nessos the wind drake
 30687 | Lair:6   | Killed Nessos the wind drake
 30887 | Lair:6   | Found a viscous altar of Jiyva.
 30887 | Lair:6   | Found a staircase to the Slime Pits.
 30937 | Lair:6   | Reached skill level 10 in Axes
 31126 | Lair:6   | Reached skill level 10 in Invocations
 31135 | Lair:6   | Got a bound bronze amulet
 31136 | Lair:6   | Identified the amulet "Fopsuraf" {Inacc rPois MP+9 Str+4}
                  | (You found it on level 6 of the Lair of Beasts)
 31958 | Lair:6   | Learned a level 2 spell: Swiftness
 31963 | Lair:6   | Learned a level 4 spell: Airstrike
 31967 | Lair:6   | Learned a level 3 spell: Spectral Weapon
 31978 | Lair:6   | Learned a level 1 spell: Shock
 32011 | Lair:6   | Noticed a dire elephant
 32011 | Lair:6   | Noticed a dire elephant
 32042 | Lair:6   | Noticed a dire elephant
 32331 | Lair:6   | Noticed a dire elephant
 32342 | Lair:6   | Killed a dire elephant
 32453 | Lair:6   | Noticed a dire elephant
 32472 | Lair:6   | Killed a dire elephant
 32540 | Lair:6   | Killed a dire elephant
 32593 | Lair:6   | Noticed a dire elephant
 32602 | Lair:6   | Killed a dire elephant
 32694 | Lair:6   | Killed a dire elephant
 32822 | Lair:6   | Identified the +1 ring mail of Zin's Reproof {rCorr MP+9}
                  | (You found it on level 6 of the Lair of Beasts)
 33318 | D:12     | Learned a level 5 spell: Summon Mana Viper
 33405 | Orc:1    | Entered Level 1 of the Orcish Mines
 33551 | Orc:2    | Entered Level 2 of the Orcish Mines
 33732 | Orc:1    | Reached XP level 15. HP: 99/117 MP: 18/25
 33852 | Orc:2    | Found a roughly hewn altar of Beogh.
 34110 | Orc:2    | Found a roughly hewn altar of Beogh.
 34110 | Orc:2    | Found Xempoc's Food Shoppe.
 34121 | Orc:2    | Reached skill level 10 in Dodging
 34327 | Orc:2    | Learned a level 6 spell: Statue Form
 34414 | Orc:2    | Found a roughly hewn altar of Beogh.
 34416 | Orc:2    | Found Sapase Nidy's Distillery.
 34620 | Orc:2    | Found a staircase to the Elven Halls.
 34957 | Orc:2    | Found a roughly hewn altar of Beogh.
 35025 | Orc:2    | Found Febidul's Armour Shoppe.
 35048 | Orc:2    | Bought a scarf of resistance for 352 gold pieces
 35146 | Orc:2    | Found a roughly hewn altar of Beogh.
 35183 | Orc:2    | Noticed an orc warlord
 35186 | Orc:2    | Reached skill level 11 in Axes
 35537 | Orc:2    | Paralysed by an orc sorcerer for 2 turns
 35826 | Orc:2    | Killed an orc warlord
 35973 | Orc:2    | Found Vikkaf's Antique Armour Shop.
 35980 | Orc:2    | Found Wadex Kohio's Antique Weapon Boutique.
 35983 | Orc:2    | Found a roughly hewn altar of Beogh.
 35997 | Orc:2    | Bought an ancient hand axe for 264 gold pieces
 35997 | Orc:2    | Identified the +3 hand axe "Xishron" {drain, rElec rF+
                  | Str-2} (You bought it in a shop on level 2 of the Orcish
                  | Mines)
 36005 | Orc:2    | Bought a shimmering scale mail for 306 gold pieces
 36015 | Orc:2    | Identified the cursed +1 scale mail of the Gate {rPois
                  | Str+4 Dex+4 SInv} (You bought it in a shop on level 2 of
                  | the Orcish Mines)
 36018 | Orc:2    | Bought a glowing helmet for 255 gold pieces
 36677 | D:12     | Found a sparkling altar of Nemelex Xobeh.
 37351 | D:13     | Found Pouffuot's Distillery.
 37355 | D:13     | Bought a potion of curing for 51 gold pieces
 37355 | D:13     | Bought 3 potions of curing for 153 gold pieces
 37355 | D:13     | Bought a potion of curing for 51 gold pieces
 37355 | D:13     | Bought a potion of mutation for 136 gold pieces
 37362 | D:13     | Found a flagged portal.
 37373 | Bailey   | Entered a bailey
 37942 | D:13     | Reached skill level 10 in Long Blades
 37942 | D:13     | Reached skill level 10 in Maces & Flails
 37942 | D:13     | Reached skill level 10 in Polearms
 37942 | D:13     | Reached skill level 10 in Staves
 37942 | D:13     | Reached skill level 10 in Slings
 37942 | D:13     | Reached skill level 10 in Bows
 37942 | D:13     | Reached skill level 10 in Crossbows
 37942 | D:13     | Reached skill level 10 in Armour
 37942 | D:13     | Reached skill level 10 in Shields
 37942 | D:13     | Reached skill level 10 in Unarmed Combat
 37942 | D:13     | Reached skill level 10 in Spellcasting
 37942 | D:13     | Reached skill level 10 in Evocations
 37947 | D:13     | Identified Cac Sogu's Collected Works on Creative
                  | Dislocation
 37954 | D:13     | Learned a level 4 spell: Passage of Golubria
 38637 | D:13     | Found a gate to the Vaults.
 39209 | Snake:1  | Entered Level 1 of the Snake Pit
 40699 | Snake:1  | Reached skill level 12 in Axes
 40715 | Snake:1  | Reached XP level 16. HP: 102/125 MP: 22/27
 41002 | Snake:1  | Identified the +5 long sword of the Original Sin {freeze,
                  | Int+4}
 41509 | Snake:2  | You fall into a shaft and drop 1 floor!
 42575 | Snake:3  | Noticed a nagaraja
 42595 | Snake:3  | Killed a nagaraja
 43156 | Snake:4  | Entered Level 4 of the Snake Pit
 43192 | Snake:4  | Noticed a nagaraja
 45132 | Snake:2  | Noticed Donald
 45148 | Snake:2  | Killed Donald
 45860 | Snake:4  | Reached skill level 13 in Axes
 45876 | Snake:4  | Noticed a nagaraja
 46668 | Orc:2    | Bought a potion of heal wounds for 80 gold pieces
 46668 | Orc:2    | Bought a potion of heal wounds for 80 gold pieces
 46668 | Orc:2    | Bought a potion of curing for 48 gold pieces
 46668 | Orc:2    | Bought a potion of curing for 48 gold pieces
 46668 | Orc:2    | Bought 2 potions of haste for 320 gold pieces
 46668 | Orc:2    | Bought a potion of cancellation for 128 gold pieces
 46668 | Orc:2    | Bought a potion of cancellation for 128 gold pieces
 46668 | Orc:2    | Bought a potion of might for 64 gold pieces
 46716 | Orc:2    | Learned a level 3 spell: Frozen Ramparts
 47483 | Snake:4  | Noticed a nagaraja
 47485 | Snake:4  | Killed a nagaraja
 47611 | Snake:4  | Killed a nagaraja
 47617 | Snake:4  | Reached XP level 17. HP: 133/133 MP: 14/28
 49919 | Snake:4  | Got a serpentine rune of Zot
 50359 | Vaults:1 | Entered Level 1 of the Vaults
 50363 | Vaults:1 | Noticed Saint Roka
 50864 | Vaults:1 | Killed Saint Roka
 51045 | Vaults:1 | Learned a level 5 spell: Irradiate
 51951 | Vaults:1 | Found Udy Xess's Distillery.
 51975 | Vaults:1 | Bought a potion of curing for 57 gold pieces
 51975 | Vaults:1 | Bought a potion of cancellation for 152 gold pieces
 51975 | Vaults:1 | Bought 2 potions of might for 152 gold pieces
 52163 | Vaults:1 | Reached skill level 14 in Axes
 52723 | Vaults:1 | Reached skill level 10 in Conjurations
 52723 | Vaults:1 | Reached skill level 10 in Hexes
 52723 | Vaults:1 | Reached skill level 10 in Charms
 52723 | Vaults:1 | Reached skill level 10 in Summonings
 52723 | Vaults:1 | Reached skill level 10 in Necromancy
 52723 | Vaults:1 | Reached skill level 10 in Translocations
 52723 | Vaults:1 | Reached skill level 10 in Transmutations
 52723 | Vaults:1 | Reached skill level 10 in Fire Magic
 52723 | Vaults:1 | Reached skill level 10 in Ice Magic
 52723 | Vaults:1 | Reached skill level 10 in Air Magic
 52723 | Vaults:1 | Reached skill level 10 in Earth Magic
 52723 | Vaults:1 | Reached skill level 10 in Poison Magic
 53285 | Vaults:1 | Reached XP level 18. HP: 134/141 MP: 5/30
 54162 | Vaults:1 | Found a portal to a secret trove of treasure.
 54280 | Vaults:2 | Found Noomisme's Antique Armour Shoppe.
 55318 | Vaults:2 | Learned a level 6 spell: Shadow Creatures
 56272 | Vaults:2 | Got a faintly glowing halberd
 56273 | Vaults:2 | Identified the cursed +1 halberd "Unaosmip" {venom, rC+ MR-
                  | Int+2} (You found it on level 2 of the Vaults)
 56738 | Vaults:2 | Noticed Sojobo
 56753 | Vaults:2 | Killed Sojobo
 56861 | Vaults:3 | Reached skill level 15 in Axes
 57056 | Vaults:3 | Noticed a titan
 57068 | Vaults:3 | Killed a titan
 57390 | Vaults:3 | Reached XP level 19. HP: 149/149 MP: 26/31
 57714 | Vaults:3 | Found a staircase to the Crypt.
 57714 | Vaults:3 | Found an ancient bone altar of Kikubaaqudgha.
 57715 | Vaults:3 | Found a basalt altar of Yredelemnul.
 59209 | Shoals:1 | Entered Level 1 of the Shoals
 59303 | Shoals:1 | Found Ykkats's Assorted Antiques.
 59311 | Shoals:1 | Bought a runed war axe for 208 gold pieces
 59311 | Shoals:1 | Bought a scroll of identify for 64 gold pieces
 59311 | Shoals:1 | Bought a potion of might for 128 gold pieces
 59311 | Shoals:1 | Bought a scroll of enchant weapon for 240 gold pieces
 59362 | Shoals:1 | Found a runed translucent door.
 59362 | Shoals:1 | Found a shimmering altar of Xom.
 59362 | Shoals:1 | Noticed Jafont's ghost (journeyman HOFE)
 59362 | Shoals:1 | Identified the +9 triple sword of Taxation {chaos, MR+
                  | Str+3}
 59380 | Shoals:1 | Killed Jafont's ghost
 59402 | Shoals:1 | Found Guggyh's Food Shop.
 59435 | Shoals:1 | Found Foskududgh's Armour Shoppe.
 59436 | Shoals:1 | Found Qiell's Jewellery Boutique.
 59621 | Shoals:1 | Found Arifupn's Book Shoppe.
 60649 | Shoals:2 | Identified the cursed +1 robe of Qutyraq {rF+ rN++ Str+3
                  | Dex-3} (You found it on level 2 of the Shoals)
 60684 | Shoals:2 | Found Ufichaodgh's Magic Scroll Shop.
 60827 | Shoals:3 | Cast into level 2 of the Abyss (merfolk impaler)
 61030 | Abyss:3  | Noticed a lich
 61037 | Abyss:3  | Killed a lich
 61054 | Shoals:3 | Escaped the Abyss
 62319 | D:7      | Bought a scroll of brand weapon for 260 gold pieces
 62980 | Vaults:3 | Reached skill level 16 in Axes
 63158 | Vaults:4 | Reached XP level 20. HP: 157/157 MP: 33/33
 63192 | Vaults:4 | Found a ruined gateway.
 63201 | Desolati | Entered the Desolation of Salt
 63611 | Desolati | Learned a level 1 spell: Apportation
 64686 | Desolati | Identified Feente Qio's Tome of Lightness and the Arsonist
 64704 | Desolati | Learned a level 8 spell: Ignition
 64744 | Desolati | Identified the +10 scimitar "Piogiam" {flame, rPois rF-
                  | rC++ Str-4}
 65013 | Vaults:4 | Reached skill level 15 in Stealth
 65895 | Vaults:4 | Reached XP level 21. HP: 144/165 MP: 25/34
 66233 | Crypt:1  | Entered Level 1 of the Crypt
 66785 | Lair:6   | Identified the Volume of Contamination
 66793 | Lair:6   | Learned a level 5 spell: Alistair's Intoxication
 67741 | Vaults:5 | Entered Level 5 of the Vaults
 67744 | Vaults:5 | Noticed a golden dragon
 67755 | Vaults:4 | Reached skill level 17 in Axes
 68806 | Vaults:5 | Reached skill level 15 in Invocations
 68870 | Vaults:5 | HP: 4/215 [deep elf high priest/damnation (25)]
 68873 | Vaults:5 | Killed from afar by a frost giant

Illustrated notes

Levels and vault maps discovered:
D:1:      dpeg_arrival_boxorama, layout_loops_ring, st_stairs_6,
          chequers_decorated_corner, nrook_mini_vaults
D:2:      layout_rooms, nicolae_qazlal_style_of_elements, first_ration,
          minmay_misc_feat_nine_boxes, chequers_serial_rivers_small_3
D:3:      layout_loops_corners
D:4:      layout_rooms, serial_glass, glass_columns_c, glass_columns_a,
          minmay_strange_pillars, feat_on_display, minmay_strange_pillars,
          grunt_decor_resistance, supply_closet_lemuel, grunt_ministairs_8
D:5:      cheibrodos_iron_armory, layout_gridville, gup_sewer_entry_spiral,
          corexii_leaking_fountain, bloody_trog
D:6:      layout_cave_pools, minmay_temple_entry_overgrown, uniq_edmund
D:7:      layout_loops_corners, serial_shops, nicolae_shop_crystal,
          shop_fountains
D:8:      layout_loops_corners, due_lair_maze_entry_diamond,
          nicolae_ossuary_entry_catacombs, serial_bayou, serial_bayou_lagoon_a,
          serial_bayou_pond_c, serial_bayou_pond_e, serial_bayou_ford_a,
          grunt_ogre_cave, grunt_ministairs_6
D:9:      layout_roguey
D:10:     layout_big_octagon, minmay_guarded_unrand_variability, uniq_josephine
D:11:     cheibrodos_histonic, layout_irregular_city, serial_shops, shop,
          uniq_gastronok, uniq_erica, uniq_erolcha
D:12:     layout_basic, erik_orc_4, gauntlet_entry_generic, special_room
          [special_room_orc], basic_altar, minmay_fractal_squares_gapless_5
D:13:     layout_basic, ximxim_vaults_locker_room, serial_shops, shop,
          enter_bailey_7
D:14:     layout_gridville, chequers_serial_rivers_micro_e,
          einodemon_armed_red_devil_minivault
Lair:1:   layout_regular_city, basic_altar
Lair:2:   layout_chaotic_city, eino_house_with_fridge
Lair:3:   layout_chaotic_city, shoals_dummy_entry, gammafunk_ghost_necromancy,
          grunt_megastairs_5
Lair:4:   layout_regular_city, minmay_snake_entry_guardpost_large,
          serial_bayou_shore_b
Lair:5:   layout_roguey, gammafunk_ghost_wrathful_warriors, grunt_megastairs_3
Lair:6:   due_jungle_book, layout_gridlike, slime_altar_1, serial_rivers,
          chequers_serial_rivers_micro_d, chequers_serial_rivers_marsh,
          chequers_serial_rivers_small_a, chequers_serial_rivers_micro_c,
          fungi_pond_lemuel, lemuel_fruit_fields, uniq_nessos
Shoals:1: layout_shoals, ebering_ghost_xom, serial_shops, shop,
          nicolae_shop_stone, nicolae_shop_crystal, shop, shop,
          nicolae_shoals_stone_sculpture_thing
Shoals:2: layout_shoals, nicolae_shoals_c_island
Shoals:3: layout_shoals
Snake:1:  layout_onion, fake_guardian_serpent_vault
Snake:2:  layout_grid_maze, uniq_donald
Snake:3:  layout_misc_corridors
Snake:4:  grunt_snake_rune_pools, layout_misc_corridors, lemuel_fruit_tree,
          serial_bayou_shore_a
Orc:1:    nicolae_orc_accident_2, layout_caves
Orc:2:    grunt_orc_community_town_hall, layout_caves,
          grunt_orc_community_big_house_1, grunt_orc_community_big_house_1,
          grunt_orc_community_house_3, grunt_orc_community_house_2,
          grunt_orc_community_house_2, grunt_orc_community_house_3,
          grunt_orc_community_house_3, serial_shops, nicolae_shop_waterfront
Vaults:1: nicolae_vaults_puzzle_piece, v_misc_33, v_alt_pattern_6,
          vaults_room_pools, vaults_room_pools, vaults_dpeg_spiral,
          nicolae_vaults_network_periphery, vaults_room_semicircle,
          ontoclasm_vaults_hangar, ontoclasm_vaults_shuriken,
          hangedman_vaults_capsules, layout_vaults_quadrants, enter_trove_2,
          serial_shops, nicolae_shop_stone, uniq_saint_roka
Vaults:2: v_alt_pattern_6, v_alt_pattern_2, grunt_vaults_swirl,
          grunt_vaults_hallway_short, ontoclasm_vaults_twist,
          vaults_room_stairs_pillars, vaults_mumra_hexcomb, vaults_dpeg_hooks,
          nicolae_vaults_network_star, ontoclasm_vaults_loading_screen,
          v_alt_pattern_5, nicolae_vaults_theta, nicolae_vaults_asterisk,
          layout_vaults_omnicross, serial_shops,
          nicolae_shop_temple_entry_statues_fountains, uniq_sojobo
Vaults:3: minmay_crypt_entry_necro_gods, v_alt_pattern_6,
          nicolae_vaults_hallways_thing, hangedman_vaults_stagger,
          nicolae_vaults_twisting_passages, st_octagons_1,
          grunt_vaults_hallway_short, vaults_room_semicircle,
          ontoclasm_vaults_loading_screen, vaults_room_grid, v_misc_33,
          vaults_mumra_lcd, layout_vaults_omnibox
Vaults:4: st_cells, vaults_room_corners, v_misc_5, v_misc_4,
          hangedman_vaults_locks, vaults_dpeg_doors, hangedman_vaults_slither,
          vaults_room_semicircle, nicolae_vaults_arrows,
          nicolae_vaults_angled_halls, layout_vaults_maze_bifur, serial_glass,
          portal_desolation_entry_nicolae_slug
Vaults:5: serial_shops, uniq_margery
Crypt:1:  layout_misc_corridors, ebering_ghost_gozag, st_small_mortuary,
          grunt_crypt_arrival_webbed

Skill      XL: |  1  2  3  4  5  6  7  8  9 10 11 12 13 14 15 16 17 18 19 20 21 |
---------------+----------------------------------------------------------------+-----
Invocations    | 1 2 3 4 5 6 7 8 9 10 11 12 13 14 15 | 15.0
Long Blades    | 1 2 3 4 5 6 7 8 9 10 11 12 13 | 13.9
Axes           | 1 2 3 4 5 6 7 9 10 12 13 14 15 16 17 | 17.4
Maces & Flails | 1 2 3 4 5 6 7 8 9 10 11 12 13 | 13.9
Polearms       | 1 2 3 4 5 6 7 8 9 10 11 12 13 | 13.9
Staves         | 1 2 3 4 5 6 7 8 9 10 11 12 13 | 13.9
Slings         | 1 2 3 4 5 6 7 8 9 10 11 12 13 | 13.9
Bows           | 1 2 3 4 5 6 7 8 9 10 11 12 13 | 13.9
Crossbows      | 1 2 3 4 5 6 7 8 9 10 11 12 13 | 13.9
Armour         | 1 2 3 4 5 6 7 8 9 10 11 12 13 | 13.9
Shields        | 1 2 3 4 5 6 7 8 9 10 11 12 13 | 13.9
Unarmed Combat | 1 2 3 4 5 6 7 8 9 10 11 12 13 | 13.9
Spellcasting   | 1 2 3 4 5 6 7 8 9 10 11 12 13 | 13.9
Evocations     | 1 2 3 4 5 6 7 8 9 10 11 12 13 | 13.9
Conjurations   | 1 2 3 4 5 6 7 8 9 10 11 12 | 12.0
Hexes          | 1 2 3 4 5 6 7 8 9 10 11 12 | 12.0
Charms         | 1 2 3 4 5 6 7 8 9 10 11 12 | 12.0
Summonings     | 1 2 3 4 5 6 7 8 9 10 11 12 | 12.0
Necromancy     | 1 2 3 4 5 6 7 8 9 10 11 12 | 12.0
Translocations | 1 2 3 4 5 6 7 8 9 10 11 12 | 12.0
Transmutations | 1 2 3 4 5 6 7 8 9 10 11 12 | 12.0
Fire Magic     | 1 2 3 4 5 6 7 8 9 10 11 12 | 12.0
Ice Magic      | 1 2 3 4 5 6 7 8 9 10 11 12 | 12.0
Air Magic      | 1 2 3 4 5 6 7 8 9 10 11 12 | 12.0
Earth Magic    | 1 2 3 4 5 6 7 8 9 10 11 12 | 12.0
Poison Magic   | 1 2 3 4 5 6 7 8 9 10 11 12 | 12.0
Dodging        | 3 4 5 6 7 8 9 10 11 12 13 14 | 14.1
Stealth        | 8 9 10 11 12 13 14 15 | 15.5
Fighting       | 5 6 7 8 9 10 11 12 13 14 | 14.5
Short Blades   | 5 6 7 8 9 10 11 12 13 14 | 14.5
Throwing       | 5 6 7 8 9 10 11 12 13 14 | 14.5

Action                   |  1- 3 |  4- 6 |  7- 9 | 10-12 | 13-15 | 16-18 | 19-21 || total
-------------------------+-------+-------+-------+-------+-------+-------+-------++-------
Melee: Dagger            |    61 |   251 |   784 |  1537 |    67 |       |       ||  2700
       Bite              |     7 |    35 |   101 |   241 |   189 |   249 |   131 ||   953
       Punch             |       |     3 |    12 |    33 |       |       |       ||    48
       Flail             |       |       |       |    48 |       |       |       ||    48
       Scimitar          |       |       |       |    59 |    55 |       |       ||   114
       Morningstar       |       |       |       |       |  1098 |  1155 |   187 ||  2440
       War axe           |       |       |       |       |       |       |   346 ||   346
       Unarmed           |       |       |       |       |       |       |    36 ||    36
       Broad axe         |       |       |       |       |       |       |   618 ||   618
Throw: Dart              |     4 |    32 |    73 |   198 |    18 |       |       ||   325
       Throwing net      |       |     1 |       |     8 |       |       |       ||     9
 Cast: Summon Ice Beast  |       |       |       |       |   122 |   172 |    52 ||   346
       Spectral Weapon   |       |       |       |       |    20 |     6 |       ||    26
       Airstrike         |       |       |       |       |     3 |     5 |     4 ||    12
       Summon Mana Viper |       |       |       |       |    15 |    50 |    25 ||    90
       Shock             |       |       |       |       |     2 |       |       ||     2
       Swiftness         |       |       |       |       |     4 |     1 |       ||     5
       Statue Form       |       |       |       |       |     5 |    29 |    64 ||    98
       Passage of Golubr |       |       |       |       |     2 |       |     3 ||     5
       Irradiate         |       |       |       |       |       |     2 |       ||     2
       Shadow Creatures  |       |       |       |       |       |     1 |     2 ||     3
       Alistair's Intoxi |       |       |       |       |       |       |     2 ||     2
Evoke: Wand              |       |       |     5 |    30 |     7 |       |     1 ||    43
       Phantom mirror    |       |       |       |       |       |     1 |       ||     1
  Use: Potion            |       |       |     2 |     8 |    12 |    15 |     8 ||    45
       Scroll            |       |       |     9 |     7 |    25 |    22 |    22 ||    85
 Stab: Sleeping          |     9 |    10 |       |       |    23 |     9 |    15 ||    66
       Distracted        |       |     1 |       |       |    33 |    26 |    12 ||    72
       Invisible         |       |       |       |     6 |     1 |       |       ||     7
       Paralysed         |       |       |       |     5 |       |       |       ||     5
       Held in net/web   |       |       |       |     2 |       |       |       ||     2
  Eat: Chunk             |     1 |     9 |    12 |    24 |    42 |    26 |    38 ||   152
       Ration            |       |       |     2 |     7 |     7 |    13 |     8 ||    37
Armor: Robe              |    11 |     7 |       |       |       |       |     8 ||    26
       Leather armour    |       |     9 |       |       |       |       |       ||     9
       Plate armour      |       |    75 |   396 |   815 |    44 |       |       ||  1330
       Scale mail        |       |       |       |       |   306 |   131 |    10 ||   447
       Skin              |       |       |       |       |    23 |   258 |   590 ||   871
Dodge: Dodged            |    32 |   109 |   160 |   410 |   708 |  1028 |  1298 ||  3745
Block: Buckler           |       |       |       |       |   760 |   835 |       ||  1595
       Reflection        |       |       |       |       |    62 |    85 |    68 ||   215
       Kite shield       |       |       |       |       |       |   312 |  1533 ||  1845
       Rpst.: Scimitar   |       |       |       |     5 |     8 |       |       ||    13
       Morningstar       |       |       |       |       |   160 |    86 |     8 ||   254
       War axe           |       |       |       |       |       |       |     3 ||     3
       Broad axe         |       |       |       |       |       |       |     5 ||     5
